 Dungeon Crawl Stone Soup version 0.31-a0-233-g139696dc86 (webtiles) character file.

Game seed: 13370620000406286796

53 qw the Shooter (level 3, -13/29 HPs)
             Began as a Minotaur Hexslinger on July 8, 2023.
             Mangled by Ijyb
             ... wielding a +2 dagger of electrocution
              (20 damage)
             ... on level 3 of the Dungeon.
             The game lasted 00:00:31 (1750 turns).

qw the Shooter (Minotaur Hexslinger)                Turns: 1750, Time: 00:00:31

Health: -13/29     AC:  4    Str: 12    XL:     3   Next: 62%
Magic:  3/3        EV: 12    Int: 10    God:
Gold:   71         SH:  0    Dex: 14    Spells: 3/4 levels left

rFire   . . .        k - +1 sling (heavy)
rCold   . . .        (no shield)
rNeg    . . .        e - +0 leather armour
rPois   .            (helmet restricted)
rElec   .            (no cloak)
rCorr   .            g - +0 pair of gloves
SInv    .            (no boots)
Will    .....        (no amulet)
Stlth   +            (no ring)
HPRegen 0.24/turn    (no ring)
MPRegen 0.08/turn

%: no passive effects
@: no status effects
A: horns 2, retaliatory headbutt
a: no special abilities


You were on level 3 of the Dungeon.
You visited 1 branch of the dungeon, and saw 3 of its levels.

You collected 71 gold pieces.


Innate Abilities, Weirdness & Mutations

You have a pair of horns on your head.
You reflexively headbutt those who attack you in melee.


   Skills:
 - Level 2.0 Fighting
 + Level 4.2 Ranged Weapons
 - Level 2.1 Dodging
 - Level 1.0 Spellcasting
 - Level 2.0 Hexes


You had 3 spell levels left.
You knew the following spells:

 Your Spells              Type           Power      Damage    Failure   Level
a - Slow                  Hex            16%        N/A       19%         1

Your spell library contained the following spells:

 Spells                   Type           Power      Damage    Failure   Level
 Inner Flame              Hex/Fire       2%         N/A       65%         3
 Portal Projectile        Hex/Tloc       4%         N/A       65%         3
 Cause Fear               Hex            2%         N/A       88%         4

Inventory:

Hand Weapons
 k - a +1 heavy sling (weapon)
Armour
 e - a +0 leather armour (worn)
 g - a +0 pair of gloves (worn)
Jewellery
 b - a ring of magical power
Potions
 a - a potion of brilliance {unknown}
 d - a potion of enlightenment
 j - a potion of degeneration {unknown}

Dungeon Overview and Level Annotations

Branches:
Dungeon (3/15)

Altars:

Annotations:
D:3 Ijyb


Message History

Things that are here:
a +0 whip; a +0 leather armour You open the door.
There is an open door here.
You hear the slow rusting of a very distant drain.
As you open the door, it creaks loudly!
A giant cockroach comes into view.
You hear an angry hiss.
You hear a shout!
Found 9 stones.
Enter note:
Enter note: You shoot a sling bullet.
The sling bullet hits the giant cockroach.
The giant cockroach is almost dead.
Ijyb the Twisted Goblin comes into view.
She is wielding a +2 dagger of electrocution and carrying a wand of flame (16).
You shoot a sling bullet.
The sling bullet closely misses the giant cockroach.
Ijyb zaps a wand.
The puff of flame hits you.
You shoot a sling bullet.
The sling bullet closely misses the giant cockroach.
The giant cockroach barely misses you. The giant cockroach bites you.
You shoot a sling bullet.
The sling bullet hits the giant cockroach.
You kill the giant cockroach!
Ijyb zaps a wand.
The puff of flame hits you!
You shoot a sling bullet. The sling bullet barely misses Ijyb.
You shoot a sling bullet. The sling bullet barely misses Ijyb.
Ijyb closely misses you. Ijyb barely misses you.
You shoot a sling bullet.
The sling bullet hits Ijyb but does no damage.
Ijyb hits you with a +2 dagger of electrocution.
You shoot a sling bullet. The sling bullet hits Ijyb.
Ijyb is moderately wounded.
Ijyb hits you with a +2 dagger of electrocution. x2
You shoot a sling bullet.
The sling bullet completely misses Ijyb.
Ijyb hits you with a +2 dagger of electrocution.
You are electrocuted!!
Ouch! That really hurt!
You die...

...#######
.......... .......
.......## #....(##
........# #......
........# #.....
###.....# #....
#.....# ... .
#.....# #g# .
#.....# #@# #
##....# #.# #
####....### #.# #
#.........# #.# #
#.##....#.# #.#
#######
#.##....#.#
#.##########.....'
#'##....#%#
#............#####
...#....#.#
############.# #
...##+###.#
################


You could see Ijyb.

Vanquished Creatures
  An adder (D:3)
  A worm (D:2)
  A dart slug (D:1)
  An orc (D:3)
  4 bats
  An endoplasm (D:2)
  2 giant cockroaches
  5 goblins
  2 hobgoblins (D:2)
  3 jackals (D:1)
  5 quokkas (D:2)
  A ball python (D:3)
  A frilled lizard (D:2)
  4 kobolds
  A rat (D:2)
33 creatures vanquished.

Notes
Turn   | Place    | Note
-------+----------+-------------------------------------------
     0 | D:1      | qw the Minotaur Hexslinger began the quest for the Orb.
     0 | D:1      | Reached XP level 1. HP: 16/16 MP: 1/1
     0 | D:1      | 0 ||| qw: Version: 0.3-a-46-gb1f654a
     0 | D:1      | 0 ||| qw: Game counter: 3667
     0 | D:1      | 0 ||| qw: Melee chars always use a shield: true
     0 | D:1      | 0 ||| qw: God list: Okawaru
     0 | D:1      | 0 ||| qw: Allow faded altars: false
     0 | D:1      | 0 ||| qw: Do Orc after clearing Dungeon:15 true
     0 | D:1      | 0 ||| qw: Do second Lair branch before Depths: true
     0 | D:1      | 0 ||| qw: Lair rune preference: random
     0 | D:1      | 0 ||| qw: Goals: Normal
     0 | D:1      | 0 ||| PLANNING D:1-11
   185 | D:1      | Reached skill level 3 in Ranged Weapons
   185 | D:1      | Reached XP level 2. HP: 23/23 MP: 2/2
   522 | D:1      | 522 ||| UPGRADING to +0 leather armour.
   532 | D:1      | 532 ||| DROPPING +0 robe.
   533 | D:1      | 533 ||| UPGRADING to +0 pair of gloves.
   538 | D:1      | 538 ||| READING scroll labelled OMILOGUFYI.
   539 | D:1      | 539 ||| READING scroll labelled HUNKAT LEHUI.
   540 | D:1      | 540 ||| READING scroll labelled OMI DUSUNURU.
   541 | D:1      | 541 ||| READING scroll labelled TAGISEUHUY.
   542 | D:1      | 542 ||| DROPPING scroll of poison.
   885 | D:2      | Reached XP level 3. HP: 29/29 MP: 3/3
  1149 | D:2      | Found a faded altar of an unknown god.
  1471 | D:2      | 1471 ||| READING scroll labelled LONISHRIEBBE.
  1472 | D:2      | 1472 ||| READING scroll labelled OTEEVE VO SOR.
  1473 | D:2      | 1473 ||| READING scroll labelled FEOXYMUNIU.
  1474 | D:2      | 1474 ||| READING scroll labelled NILULURGHORGH.
  1475 | D:2      | 1475 ||| DRINKING 3 brown potions.
  1476 | D:2      | 1476 ||| DRINKING 2 glowing ruby potions.
  1477 | D:2      | 1477 ||| DROPPING 2 potions of invisibility.
  1537 | D:3      | 1537 ||| PLANNING SEWER
  1634 | D:3      | Reached skill level 4 in Ranged Weapons
  1742 | D:3      | Noticed Ijyb
  1749 | D:3      | HP: 7/29 [Ijyb/+2 dagger of electrocution (2)]
  1750 | D:3      | Mangled by Ijyb

Levels and vault maps discovered:
D:1:      nzn_arrival_settlement, layout_basic
D:2:      layout_loops_corners, hellmonk_ecumenical_altar_zigzags
D:3:      layout_basic, portal_sewer_entry_e, uniq_terence, uniq_ijyb,
          uniq_crazy_yiuf_cottage, uniq_robin

Skill      XL: |  1  2  3 |
---------------+----------+-----
Ranged Weapons | 3 4 |  4.2
Fighting       | 2 |  2.0
Dodging        | |  2.1
Spellcasting   | |  1.0
Hexes          | |  2.0

Action                     || total
---------------------------++-------
   Fire: Sling             ||    92
    Use: Scroll            ||     8
         Potion            ||     2
 Armour: Robe              ||     4
         Leather armour    ||     6
  Dodge: Dodged            ||    24

Table legend:
 A = Non-vault XP
 B = Vault XP
 C = Vault XP percentage of total XP
 D = Non-vault monster count
 E = Vault monster count
 F = Vault count percentage of total count
                 A         B        C        D         E       F
            +---------+---------+-------+---------+---------+-------
      Total |      76 |       0 |   0.0 |      33 |       0 |   0.0
            +---------+---------+-------+---------+---------+-------
        D:1 |      19 |       0 |   0.0 |       9 |       0 |   0.0
        D:2 |      34 |       0 |   0.0 |      18 |       0 |   0.0
        D:3 |      23 |       0 |   0.0 |       6 |       0 |   0.0
            +---------+---------+-------+---------+---------+-------
